Map: Prion Terraces

Players

Super

  • Race: Zerg Zerg
  • League: Bronze

Grumm - Winner!

  • Race: Zerg Zerg
  • League: Gold

VOD

Have the link to the VOD?

Description

Time

  • Played on: Jan. 30, 2016, 5:10 p.m.
  • Length: 2:46
Show
View Real Time Build Order
Export as new Build Order

Super Zerg 

Build Orders: Pool First 

Get SALT Encoding   

  12  0:01  Drone  
  13  0:09  Drone  
  14  0:17  Overlord  
  14  0:36  Spawning Pool  
  14  0:37  Drone  
  14  0:42  Drone  
  15  0:45  Drone  
  15  0:49  Drone  
  17  1:00  Drone  
  18  1:14  Drone  
  19  1:25  Spine Crawler  
  18  1:27  Drone  
  19  1:38  Zergling x2  
  20  1:42  Queen  
  20  1:43  Hatchery  
  21  1:47  Extractor  
  20  1:56  Zergling x4  
  22  2:22  Overlord x2  
Show
View Real Time Build Order
Export as new Build Order

Grumm Zerg - Winner!

Build Orders: Hatch First 

Get SALT Encoding   

  12  0:16  Drone  
  13  0:29  Drone  
  14  0:37  Hatchery  
  13  0:43  Drone  
  13  0:48  Overlord  
  14  1:06  Spawning Pool  
  13  1:13  Drone x2  
  15  1:19  Drone  
  16  1:53  Spawning Pool  
  15  1:59  Zergling x2  
  15  2:00  Zergling x6  
  19  2:07  Spine Crawler  
  18  2:10  Zergling x2  
  19  2:16  Zergling x2  
  20  2:27  Drone x3  
  23  2:34  Spine Crawler  
Tags
 
Add a new tag
Caveats
  • Supply blocks, unpowered buildings, or Contaminate may cause inaccurate times.
  • Supply counts are checked every 10 seconds.